Map: [ESL] Gresvan

Players

iGMacSed (MacSed)

  • Race: Protoss Protoss
  • League: Grandmaster
  • Spawn Location: 11:00

SCV - Winner!

  • Race: Protoss Protoss
  • Spawn Location: 5:00

Event: ESL SC2 Masters 2023 Summer (Regionals)

VOD

Have the link to the VOD?

Description

Time

  • Played on: May 5, 2023, 7:39 a.m.
  • Length: 10:57

All games in this series

Show
View Real Time Build Order
Export as new Build Order

iGMacSed Protoss 

Build Orders: Oracle Opening 

Get SALT Encoding   

  12  0:00  Probe  
  13  0:12  Probe  
  14  0:17  Pylon  
  14  0:24  Probe (Chrono Boost)  
  16  0:36  Probe (Chrono Boost), Gateway  
  16  0:43  Probe (Chrono Boost)  
  16  0:45  Assimilator  
  17  0:50  Probe  
  17  0:53  Assimilator  
  18  1:03  Probe (Chrono Boost)  
  19  1:09  Gateway  
  19  1:13  Probe (Chrono Boost)  
  19  1:18  Probe (Chrono Boost)  
  20  1:23  Cybernetics Core  
  21  1:30  Probe  
  22  1:33  Pylon  
  22  1:42  Probe  
  24  1:54  Probe  
  24  2:00  Stalker x2  
  24  2:01  Warp Gate  
  28  2:13  Pylon  
  28  2:21  Stargate  
  28  2:31  Stalker  
  30  2:51  Nexus  
  30  2:56  Shield Battery  
  29  3:03  Oracle (Chrono Boost)  
  29  3:08  Probe  
  33  3:16  Pylon  
  33  3:20  Probe  
  34  3:30  Oracle (Chrono Boost)  
  34  3:32  Probe  
  38  3:45  Probe  
  39  3:48  Stalker  
  39  3:54  Twilight Council  
  41  3:57  Probe  
  42  4:06  Probe  
  42  4:09  Probe  
  44  4:14  Stalker  
  46  4:18  Probe  
  46  4:20  Adept  
  46  4:21  Probe  
  50  4:30  Probe  
  51  4:33  Probe  
  51  4:34  Dark Shrine  
  52  4:40  Adept  
  52  4:42  Probe  
  55  4:50  Probe  
  53  4:56  Stalker  
  53  4:59  Probe  
  53  5:02  Probe  
  53  5:04  Pylon, Stalker  
  56  5:08  Assimilator  
  56  5:11  Probe  
  57  5:14  Probe, Shield Battery  
  58  5:23  Probe  
  58  5:26  Probe  
  56  5:34  Nexus  
  56  5:36  Probe  
  56  5:38  Probe  
  56  5:41  Gateway  
  58  5:46  Dark Templar  
  60  5:50  Dark Templar  
  58  6:10  Dark Templar  
  59  6:15  Probe  
  56  6:20  Probe  
  56  6:21  Stalker  
  56  6:22  Blink (Chrono Boost)  
  57  6:27  Probe  
  57  6:32  Probe  
  57  6:35  Nexus  
  57  6:37  Pylon  
  57  6:41  Probe  
  57  6:44  Probe, Stalker x2  
  63  6:48  Stalker  
  63  6:53  Probe  
  66  6:54  Robotics Facility  
  66  6:56  Probe  
  66  6:59  Shield Battery  
  67  7:05  Probe, Gateway  
  69  7:08  Probe  
  69  7:11  Stalker x2  
  69  7:15  Shield Battery  
  73  7:17  Probe  
  72  7:23  Stalker  
  72  7:28  Probe  
  61  7:35  Stalker x2  
  59  7:37  Probe  
  59  7:40  Probe, Immortal (Chrono Boost)  
  63  7:47  Probe  
  63  7:49  Probe, Dark Templar  
  67  7:52  Probe  
  67  7:56  Pylon  
  68  7:59  Probe  
  68  8:01  Probe  
  70  8:11  Probe  
  69  8:13  Immortal (Chrono Boost)  
  69  8:19  Dark Templar, Forge  
  75  8:23  Probe x2  
  77  8:29  Gateway  
  77  8:31  Gateway x2  
  77  8:32  Gateway  
  77  8:39  Pylon  
  77  8:42  Immortal (Chrono Boost), Gateway  
  77  8:45  Stalker, Protoss Ground Weapons Level 1 (Chrono Boost)  
  83  8:54  Zealot x2  
  87  9:09  Zealot  
  89  9:14  Immortal (Chrono Boost), Dark Templar  
  89  9:16  Zealot  
  97  9:20  Photon Cannon  
  97  9:21  Probe x2  
  97  9:27  Pylon  
  97  9:35  Zealot x2  
  97  9:36  Robotics Bay  
  101  9:42  Assimilator  
  101  9:45  Pylon, Assimilator  
  101  9:51  Probe  
  102  9:58  Zealot x3  
  108  10:05  Stalker  
  108  10:06  Zealot x4  
  98  10:15  Immortal (Chrono Boost)  
  98  10:20  Stalker x2  
  88  10:31  Dark Templar  
  88  10:32  Zealot x5  
  88  10:34  Probe  
  85  10:44  Zealot x2  
Show
View Real Time Build Order
Export as new Build Order

SCV Protoss - Winner!

Build Orders: Blink Stalkers 

Get SALT Encoding   

  12  0:00  Probe  
  13  0:12  Probe  
  14  0:17  Pylon  
  14  0:24  Probe (Chrono Boost)  
  15  0:36  Probe (Chrono Boost)  
  15  0:37  Gateway  
  16  0:45  Probe (Chrono Boost)  
  16  0:46  Assimilator  
  17  0:51  Probe  
  17  0:55  Assimilator  
  18  1:03  Probe (Chrono Boost)  
  19  1:07  Gateway  
  19  1:14  Probe (Chrono Boost)  
  20  1:19  Probe (Chrono Boost)  
  20  1:24  Cybernetics Core  
  21  1:29  Probe  
  22  1:35  Pylon  
  22  1:41  Probe  
  23  1:53  Probe  
  24  2:02  Warp Gate, Stalker x2  
  28  2:08  Pylon  
  28  2:12  Probe  
  29  2:24  Pylon  
  29  2:31  Twilight Council  
  29  2:39  Stalker  
  29  2:42  Stalker  
  33  2:59  Blink (Chrono Boost)  
  33  3:18  Probe  
  33  3:19  Nexus  
  34  3:31  Pylon  
  34  3:32  Probe  
  35  3:44  Probe  
  36  3:50  Stalker x2  
  40  3:56  Gateway  
  40  3:59  Probe  
  41  4:11  Probe  
  41  4:16  Sentry  
  44  4:19  Stalker  
  44  4:23  Probe  
  46  4:34  Probe (Chrono Boost)  
  48  4:39  Pylon  
  48  4:41  Probe (Chrono Boost)  
  48  4:42  Stalker  
  48  4:44  Probe (Chrono Boost)  
  50  4:48  Probe (Chrono Boost)  
  50  4:49  Probe (Chrono Boost), Shield Battery  
  50  4:50  Stalker  
  54  4:56  Phoenix  
  54  4:59  Probe  
  55  5:00  Probe  
  55  5:06  Gateway  
  56  5:07  Gateway  
  56  5:10  Robotics Facility  
  56  5:14  Stalker  
  56  5:18  Stalker  
  60  5:26  Probe  
  60  5:27  Probe  
  62  5:33  Pylon  
  62  5:43  Pylon  
  62  5:51  Probe x2  
  62  5:52  Nexus  
  64  6:03  Probe  
  64  6:04  Observer (Chrono Boost), Stalker x3  
  66  6:08  Probe  
  71  6:13  Stalker  
  71  6:17  Probe  
  63  6:31  Stalker x3  
  69  6:39  Observer (Chrono Boost), Assimilator  
  70  6:41  Probe x2  
  70  6:45  Pylon  
  72  6:53  Probe x2  
  74  6:55  Stalker  
  74  6:56  Pylon  
  74  7:00  Stalker  
  78  7:06  Probe (Chrono Boost)  
  81  7:12  Probe x2 (Chrono Boost), Stalker  
  81  7:13  Forge  
  83  7:16  Probe (Chrono Boost)  
  83  7:19  Probe (Chrono Boost)  
  83  7:22  Probe x2  
  77  7:30  Probe, Stalker x2  
  77  7:36  Probe x2 (Chrono Boost)  
  78  7:41  Charge (Chrono Boost)  
  78  7:42  Probe (Chrono Boost)  
  77  7:46  Protoss Ground Weapons Level 1 (Chrono Boost)  
  77  7:48  Probe x2 (Chrono Boost)  
  79  7:51  Photon Cannon  
  79  7:53  Probe (Chrono Boost)  
  79  7:57  Gateway  
  80  8:00  Probe  
  80  8:01  Probe  
  79  8:12  Gateway x2  
  79  8:15  Warp Prism (Chrono Boost)  
  79  8:17  Gateway  
  81  8:22  Stalker x2  
  81  8:26  Pylon  
  85  8:27  Pylon  
  85  8:31  Photon Cannon  
  85  8:34  Photon Cannon  
  85  8:40  Stalker x2  
  89  8:48  Stalker  
  89  8:49  Stalker  
  93  9:01  Observer  
  92  9:12  Stalker x6  
  104  9:22  Pylon  
  104  9:23  Pylon  
  104  9:29  Pylon  
  104  9:38  Pylon  
  104  9:41  Nexus  
  104  9:43  Pylon  
  104  9:49  Zealot x6  
  116  9:53  Probe x3  
  101  10:09  Stalker x5  
  101  10:11  Zealot x2  
  115  10:18  Probe x3  
  116  10:26  Zealot  
  109  10:32  Zealot x7  
  117  10:39  Probe x3  
  118  10:49  Zealot  
Tags
 
Add a new tag
Caveats
  • Supply blocks, unpowered buildings, or Contaminate may cause inaccurate times.
  • Supply counts are checked every 10 seconds.